 Dungeon Crawl Stone Soup version 0.24-a0-434-gd57e52fea8 (webtiles) character file.

Game seed: 3493044334502665042

9 Ilgrip the Vexing (level 2, 21/21 HPs)
             Began as a Demonspawn Arcane Marksman on June 16, 2019.
             Quit the game on level 1 of the Dungeon.
             The game lasted 00:00:19 (358 turns).

Ilgrip the Vexing (Demonspawn Arcane Marksman)       Turns: 358, Time: 00:00:20

Health: 21/21      AC:  2    Str: 10    XL:     2   Next: 3%
Magic:  3/3        EV: 12    Int: 14    God:
Gold:   0          SH:  0    Dex: 13    Spells: 2/3 levels left

rFire    . . .     SeeInvis .   a - +0 hunting sling
rCold    . . .     Gourm    .   (no shield)
rNeg     . . .     Faith    .   e - +0 robe
rPois    .         Spirit   .   (no helmet)
rElec    .         Reflect  .   (no cloak)
rCorr    .         Harm     .   (no gloves)
MR       .....                  (no boots)
Stlth    +.........             (no amulet)
HPRegen  0.07/turn              (no ring)
MPRegen  0.08/turn              (no ring)

@: no status effects
A: demonic guardian 1
a: no special abilities


You were on level 1 of the Dungeon.
You were not hungry.

You visited 1 branch of the dungeon, and saw 1 of its levels.

Inventory:

Hand Weapons
 a - a +0 hunting sling (weapon)
Missiles
 d - 13 sling bullets (quivered)
Armour
 e - a +0 robe (worn)
Potions
 b - a potion of lignification {unknown}
 c - a potion of cancellation {unknown}
Comestibles
 f - a ration


   Skills:
 - Level 1.0 Fighting
 - Level 1.7(1.9) Slings
 * Level 0.8(1.4) Throwing
 + Level 1.9 Dodging
 + Level 1.2 Spellcasting
 + Level 3.1 Hexes


You had 2 spell levels left.
You knew the following spells:

 Your Spells              Type           Power        Failure   Level  Hunger
a - Corona                Hex            #......      7%          1    ##.....

Your spell library contained the following spells:

 Spells                   Type           Power        Failure   Level  Hunger
 Slow                     Hex            #.......     11%         2    ###....
 Inner Flame              Hex/Fire       #.......     38%         3    ####...
 Portal Projectile        Hex/Tloc       #.....       38%         3    ####...
 Cause Fear               Hex            #.........   56%         4    #####..
 Leda's Liquefaction      Hex/Erth       #.........   80%         4    #####..


Dungeon Overview and Level Annotations

Branches:
Dungeon (1/15)

Altars:


Innate Abilities, Weirdness & Mutations

A weak demonic guardian rushes to your aid.


Message History

Aim: a giant cockroach (clinging)
You shoot a sling bullet.
The sling bullet hits the giant cockroach but does no damage.
A giant cockroach is nearby!
Firing (i - inventory)
d - 15 sling bullets (quivered)
Press: ? - help, Shift-Dir - straight line, f/p - giant cockroach
Aim: a giant cockroach (clinging)
You shoot a sling bullet.
The sling bullet barely misses the giant cockroach.
A giant cockroach is nearby!
Firing (i - inventory)
d - 14 sling bullets (quivered)
Press: ? - help, Shift-Dir - straight line, f/p - giant cockroach
Aim: a giant cockroach (clinging)
You shoot a sling bullet.
The sling bullet hits the giant cockroach.
You kill the giant cockroach!
You have reached level 2!
Your demonic ancestry asserts itself...
You feel the presence of a demonic guardian.
Are you sure you want to abandon this character and quit the game? (Confirm with "yes".)

.# #.#.# .# #.#.#
.# # #.#.# .#
#.#.#.# .#
####.#.#.#######
.#.
.................
...
...##.#...######
.... #.#....#
##### # #@##.#
... #..### ###
#(... .. #.(###
#. #.(# ...# ##.#
(#


There were no monsters in sight!

Vanquished Creatures
  5 bats (D:1)
  A giant cockroach (D:1)
  A ball python (D:1)
  A frilled lizard (D:1)
  A rat (D:1)
9 creatures vanquished.

Notes
Turn   | Place    | Note
-------+----------+-------------------------------------------
     0 | D:1      | Ilgrip the Demonspawn Arcane Marksman began the quest for
                  | the Orb.
     0 | D:1      | Reached XP level 1. HP: 15/15 MP: 2/2
   357 | D:1      | Gained mutation: A weak demonic guardian rushes to your
                  | aid. [demonic ancestry]
   357 | D:1      | Reached XP level 2. HP: 21/21 MP: 3/3
   358 | D:1      | Quit the game

Levels and vault maps discovered:
D:1:      erik_arrival_blinker_ship, layout_basic, st_stairs_9,
          kennysheep_another_room, minmay_misc_feat_four_crosses,
          chequers_serial_rivers_large_a, minmay_misc_feat_ornament

Action                   || total
-------------------------++-------
 Fire: Hunting sling     ||    30
Armor: Robe              ||     4
Dodge: Dodged            ||     9

Table legend:
 A = Non-vault XP
 B = Vault XP
 C = Vault XP percentage of total XP
 D = Non-vault monster count
 E = Vault monster count
 F = Vault count percentage of total count
                 A         B        C        D         E       F
            +---------+---------+-------+---------+---------+-------
      Total |      10 |       3 |  23.1 |       6 |       3 |  33.3
            +---------+---------+-------+---------+---------+-------
        D:1 |      10 |       3 |  23.1 |       6 |       3 |  33.3
            +---------+---------+-------+---------+---------+-------
